General information
- name: grudge
- type: Custom game
- host: GOKUMaN69
- saver: HERNaNDO
map: LostTemple
- players: 9
- length: 23:12
- speed: Fast
- version: 1.21 W3XP
- replay type: Public
» download(75 KB)
Players
team 1 (winner)
3DGAYWORLD (
purple | 78 APM | 1807 actions | 23:12)
7 Blademaster
3 Wind Walk
3 Critical Strike
1 Bladestorm
» actions
| Basic commands | 59 | |
| Build / train | 83 | |
| Enter build submenu | 24 | |
| Enter hero's abilities submenu | 7 | |
| Give item / drop item | 1 | |
| Remove unit from queue | 2 | |
| Right click | 1008 | |
| Select / deselect | 524 | |
| Use ability | 98 | |
1807 total
» units
| Peon | 11 | |
| Grunt | 6 | |
| Demolisher | 1 | |
| Raider | 11 | |
| Shaman | 2 | |
| Kodo Beast | 2 | |
| Troll Batrider | 2 | |
| Tauren | 3 | |
38 total
» upgrades
| Armor | 3 | |
| Berserker Strength | 1 | |
| Ensnare | 1 | |
| Melee Weapons | 2 | |
| Liquid Fire | 1 | |
| Shaman Training | 2 | |
| Burning Oil | 1 | |
| Pulverize | 1 | |
12 total
» buildings
| Altar of Storms | 1 | |
| Orc Burrow | 5 | |
| Barracks | 1 | |
| War Mill | 1 | |
| Voodoo Lounge | 1 | |
| Stronghold | 2 | |
| Fortress | 1 | |
| Beastiary | 2 | |
| Spirit Lodge | 1 | |
| Great Hall | 1 | |
| Tauren Totem | 1 | |
| Watch Tower | 3 | |
20 total
» build order
00:07 Altar of Storms
00:20 Orc Burrow
00:54 Barracks
01:24 War Mill
01:51 Voodoo Lounge
02:29 Orc Burrow
03:21 Orc Burrow
03:36 Stronghold
03:36 Stronghold
06:11 Fortress
06:27 Beastiary
07:41 Beastiary
09:09 Orc Burrow
09:45 Spirit Lodge
10:49 Great Hall
17:46 Tauren Totem
22:34 Orc Burrow
22:39 Watch Tower
22:41 Watch Tower
22:43 Watch Tower
» items
| Lesser Clarity Potion | 4 | |
| Healing Salve | 6 | |
| Scroll of Speed | 1 | |
| Potion of Mana | 4 | |
| Orb of Lightning | 1 | |
16 total
team 2 (loser)
HERNaNDO (
gray | 75 APM | 1730 actions | 23:12)
7 Demon Hunter
3 Mana Burn
3 Evasion
1 Metamorphosis
» actions
| Assign group hotkey | 27 | |
| Basic commands | 18 | |
| Build / train | 96 | |
| Enter build submenu | 20 | |
| Enter hero's abilities submenu | 7 | |
| Give item / drop item | 2 | |
| Remove unit from queue | 7 | |
| Right click | 799 | |
| Select / deselect | 418 | |
| Select group hotkey | 256 | |
| Use ability | 80 | |
1730 total
» units
| Wisp | 29 | |
| Archer | 6 | |
| Druid of the Talon | 6 | |
| Dryad | 12 | |
| Huntress | 10 | |
| Hippogryph | -2 | |
| Mountain Giant | 1 | |
| Druid of the Claw | 1 | |
| Glaive Thrower | 1 | |
64 total
» upgrades
| Druid of the Talon Training | 2 | |
| Abolish Magic | 1 | |
| Sentinel | 1 | |
| Druid of the Claw Training | 2 | |
| Upgrade Moon Glaive | 1 | |
| Well Spring | 1 | |
8 total
» buildings
| Altar of Elders | 1 | |
| Moon Well | 7 | |
| Ancient of War | 2 | |
| Ancient of Wonders | 1 | |
| Tree of Ages | 1 | |
| Hunter's Hall | 1 | |
| Tree of Life | 3 | |
| Ancient of Wind | 2 | |
| Ancient of Lore | 2 | |
| Tree of Eternity | 1 | |
21 total
» build order
00:12 Altar of Elders
00:18 Moon Well
01:01 Ancient of War
01:34 Moon Well
01:52 Ancient of Wonders
03:03 Moon Well
04:09 Tree of Ages
05:53 Hunter's Hall
05:57 Moon Well
06:15 Tree of Life
06:30 Tree of Life
06:39 Ancient of Wind
06:41 Ancient of Wind
07:00 Ancient of Lore
10:38 Tree of Eternity
11:40 Moon Well
13:45 Tree of Life
13:49 Ancient of War
14:01 Moon Well
14:48 Moon Well
17:24 Ancient of Lore
» items
| Dust of Appearance | 2 | |
| Scroll of Healing | 1 | |
| Staff of Preservation | 1 | |
| Scroll of Town Portal | 1 | |
| Potion of Healing | 1 | |
| Orb of Venom | 1 | |
7 total
observersGOKUMaN69,
joltx,
NasbiN,
royceroyce2001,
Jinnigan,
Ryanbomber,
VELOX_NEB Chat log
(00:06 / All) HERNaNDO: thnx for the lag royce gl hf.
(00:08 / All) 3DGAYWORLD: ROYCE
(00:09 / All) 3DGAYWORLD: GODDAMN
(00:11 / All) 3DGAYWORLD: LEARN U MANNER
(00:39 / All) 3DGAYWORLD: hey obs
(00:41 / All) 3DGAYWORLD: whats hernando doing
(00:50 / All) HERNaNDO: forging alliance with the creeps
(00:55 / All) 3DGAYWORLD: omg
(01:05 / All) 3DGAYWORLD: u can do that?
(01:11 / All) HERNaNDO: ;-)
(01:17 / All) 3DGAYWORLD: gay
(02:23 / All) HERNaNDO: grey is the sickest color
(02:32 / All) 3DGAYWORLD: purple imho
(02:35 / All) HERNaNDO: NO
(02:40 / All) 3DGAYWORLD: lol
(02:48 / All) 3DGAYWORLD: u mad because gray is gay
(03:45 / All) 3DGAYWORLD: lol
(03:47 / All) HERNaNDO: ????
(03:49 / All) 3DGAYWORLD: ur bottom mid
(03:57 / All) HERNaNDO: so...
(03:59 / All) 3DGAYWORLD: owned
(04:32 / All) 3DGAYWORLD: this OWNS
(05:02 / All) HERNaNDO: own THAT...
(05:05 / All) HERNaNDO: heh..
(05:06 / All) 3DGAYWORLD: lo
(05:19 / All) 3DGAYWORLD: LOL
(08:47 / All) 3DGAYWORLD: 2 fast 4 u
(08:52 / All) HERNaNDO: SOMEONEs in a hurry
(08:53 / All) 3DGAYWORLD: fartz on u head
(10:48 / All) HERNaNDO: they are LAUGHIGN at me now
(10:53 / All) 3DGAYWORLD: wat
(11:00 / All) 3DGAYWORLD: w/e those guys are jerks
(14:36 / All) 3DGAYWORLD: WISP = OWNED
(14:40 / All) HERNaNDO: wispy wisp
(23:07 / All) HERNaNDO: ok gg
(23:10 / All) HERNaNDO: this is OVa